 Dungeon Sprint DCSS version 0.21-a0-401-g0b6bec4 (webtiles) character file.

19002 Kidiri the Warrior (level 12, -28/109 HPs)
             Began as a Demonspawn Monk on Oct 25, 2017.
             Was an Elder of Wu Jian.
             Annihilated by a death cob (31 damage)
             ... in the Dungeon (Sprint VII: "The Pits") on Oct 26, 2017.
             The game lasted 00:25:39 (3172 turns).

Kidiri the Warrior (Demonspawn Monk)                Turns: 3172, Time: 00:25:40

Health: -28/109    AC:  7    Str: 17    XL:     12   Next: 32%
Magic:  0/12       EV: 24    Int: 12    God:    Wu Jian [****..]
Gold:   7          SH:  8    Dex: 19    Spells: 11/11 levels left

rFire    . . .     SeeInvis .   y - +2 morningstar (protect)
rCold    + . .     Gourm    .   (no shield)
rNeg     . . .     Faith    .   b - +0 steam dragon scales
rPois    +         Spirit   +   (helmet restricted)
rElec    .         Reflect  .   (no cloak)
rCorr    .         Harm     .   (no gloves)
MR       .....     NoTele   +   (boots unavailable)
Stlth    +++.......             (no amulet)
HPRegen  0.28/turn              F - ring of poison resistance
MPRegen  0.26/turn              T - +4 ring of strength

@: very slightly contaminated, hasted and slowed, glowing, heavenly storm
A: hooves 3, horns 1, large bone plates 3, cold resistance 1, spiny 1, evolution
1, magic shield, magic regeneration
a: Serpent's Lash, Renounce Religion


You were in the Dungeon.
You worshipped Wu Jian.
Wu Jian was greatly pleased with you.
You were not hungry.

You visited 1 branch You collected 7 gold pieces.

Inventory:

Hand Weapons
 y - a +2 morningstar of protection (weapon)
Armour
 b - +0 steam dragon scales (worn)
 p - a +0 ring mail of cold resistance
Jewellery
 s - a +3 ring of protection
 C - an uncursed ring of ice
 F - a ring of poison resistance (left hand)
 S - an uncursed ring of stealth
 T - a +4 ring of strength (right hand)
Scrolls
 k - 3 scrolls of remove curse
 l - 5 scrolls of amnesia
 m - a scroll of summoning
 q - 4 scrolls of enchant armour
 t - 3 scrolls of fear
 w - 4 scrolls of enchant weapon
 A - a scroll of fog
 D - a scroll of identify
 E - a scroll of magic mapping
Potions
 a - a potion of degeneration {unknown}
 d - 4 potions of curing
 e - 5 potions of heal wounds
 f - a potion of haste
 g - 4 potions of magic
 h - 4 potions of berserk rage
 j - 2 potions of invisibility
 u - 2 potions of might
 v - 2 potions of agility
 z - a potion of brilliance
 B - a potion of flight
Comestibles
 c - 8 bread rations
 n - 30 fruits
 o - 9 meat rations
 R - 12 royal jellies


   Skills:
 * Level 15.1 Fighting
 * Level 14.0 Maces & Flails
 + Level 10.1 Armour
 * Level 14.0 Dodging
 * Level 14.9 Stealth


You had 11 spell levels left.
You didn't know any spells.

Dungeon Overview and Level Annotations

Branches:
Dungeon (1/1)

Altars:
Ashenzari
Cheibriados
Dithmenos
Elyvilon
Fedhas
Gozag
Hepliaklqana
Kikubaaqudgha
Makhleb
Nemelex Xobeh
Okawaru
Qazlal
Ru
Sif Muna
Trog
Uskayaw
Vehumet
Wu Jian
Xom
Yredelemnul
Zin
The Shining One
Beogh
Jiyva
Lugonu

Annotations:
D exclusions: 13 doors and 11 more exclusions


Innate Abilities, Weirdness & Mutations

You have hooves in place of feet.
You are completely covered in large bone plates. (SH +8)
You are partially covered in sharp spines.
When hurt, damage is shared between your health and your magic reserves.
You regenerate magic rapidly.
You have a pair of small horns on your head.
Your flesh is cold resistant. (rC+)
You evolve.


Message History

Unknown command.
You hear an angry buzzing noise.
You block the death cob's attack.
You hear a bark!
Unknown command.
The death cob completely misses you. You block the death cob's attack.
The death cob is struck by your spines. The death cob completely misses you.
You hear an angry hiss.
The death cob completely misses you. You block the death cob's attack.
You hear an angry buzzing noise.
Unknown command.
You hear an angry buzzing noise.
The death cob hits you!!
* * * LOW HITPOINT WARNING * * *
Unknown command.
Unknown command.
The death cob is struck by your spines. The death cob hits you!
* * * LOW HITPOINT WARNING * * *
The death cob is struck by your spines. The death cob hits you!!
You die...

+..#....#..# +..........#
#..........#*
####################..#....#..#
....s.§§§§§§§§§§§§§'..........#
......§§§§§G§§§§4§§'..........#
#######4########y§##..#....#..# #
#4#§#=# #z§##..........+ # *
#§#z#%# *#@§##..........+ #*
#F#Z#t#D# * #§§####++####++# #
#§# #W#y#y# #§§####++####++###
##.# #{#.#h# #..##......##.....
################..##.#+##.##.....
..................##.#..+.##..###
..................##.+..#.##..# ,
#######++###########.#.}+.##..#,
#######++###########.+:.#.##..#


You could see a death cob and a vampire mosquito.

Vanquished Creatures
  A ghost moth (D)
  Nessos (D)
  A deep elf annihilator (D)
  A great orb of eyes (D)
  An ice dragon (D)
  An alligator snapping turtle (D)
  2 deep elf knights (D)
  A shadow wraith (D)
  A spriggan druid (D)
  An unseen horror (D)
  A lindwurm (D)
  5 deep elf magi (D)
  2 orc knights (D)
  Joseph (D)
  A smoke demon (D)
  An orange demon (D)
  A yaktaur (D)
  2 spiny frogs (D)
  A rime drake (D)
  A komodo dragon (D)
  A freezing wraith (D)
  A hellwing (D)
  A merfolk (D)
  3 tyrant leeches (D)
  A troll (D)
  A hippogriff (D)
  5 dream sheep (D)
  A snapping turtle (D)
  A wraith (D)
  A yak (shapeshifter) (D)
  2 wyverns (D)
  2 steam dragons (D)
  Eustachio (D)
  A warg (D)
  2 vampire mosquitoes (D)
  Edmund (D)
  A floating eye (D)
  A sky beast (D)
  2 orc warriors (D)
  An eye of draining (D)
  A wolf (D)
  A centaur (D)
  A crocodile (D)
  3 big kobolds (D)
  2 bullfrogs (D)
  A gnoll sergeant (D)
  4 killer bees (D)
  5 wights (D)
  A crimson imp (D)
  2 iguanas (D)
  An orc wizard (D)
  7 gnolls (D)
  An adder (D)
  2 river rats (D)
  An ooze (D)
  An adder zombie (D)
  A worm (D)
  2 leopard geckos (D)
  4 orcs (D)
  A bat (D)
  A hobgoblin (D)
  3 jackals (D)
  3 kobolds (D)
  A bat simulacrum (D)
  A giant cockroach zombie (D)
  A leopard gecko skeleton (D)
  A quokka skeleton (D)
  A quokka zombie (D)
  2 rats (D)
113 creatures vanquished.

Notes
Turn   | Place    | Note
-------+----------+-------------------------------------------
     0 | D        | Kidiri the Demonspawn Monk began the quest for the Orb.
     0 | D        | Reached XP level 1. HP: 18/18 MP: 1/1
    60 | D        | Found a bloodstained altar of Trog.
    60 | D        | Found a deep blue altar of Sif Muna.
    60 | D        | Found a viscous altar of Jiyva.
    60 | D        | Found a hazy altar of Hepliaklqana.
    60 | D        | Found an opulent altar of Gozag.
    61 | D        | Found a glowing golden altar of the Shining One.
    61 | D        | Found a glowing silver altar of Zin.
    61 | D        | Found a basalt altar of Yredelemnul.
    61 | D        | Found a shimmering altar of Xom.
    61 | D        | Found an ornate altar of the Wu Jian Council.
    61 | D        | Found a sacrificial altar of Ru.
    61 | D        | Found a stormy altar of Qazlal.
    61 | D        | Found an iron altar of Okawaru.
    61 | D        | Found a sparkling altar of Nemelex Xobeh.
    61 | D        | Found a burning altar of Makhleb.
    61 | D        | Found a blossoming altar of Fedhas.
    61 | D        | Found a white marble altar of Elyvilon.
    61 | D        | Found a shadowy altar of Dithmenos.
    61 | D        | Found a snail-covered altar of Cheibriados.
    63 | D        | Found a radiant altar of Vehumet.
    63 | D        | Found a corrupted altar of Lugonu.
    63 | D        | Found a roughly hewn altar of Beogh.
    64 | D        | Found a hide-covered altar of Uskayaw.
    64 | D        | Found an ancient bone altar of Kikubaaqudgha.
    64 | D        | Found a shattered altar of Ashenzari.
    70 | D        | Became a worshipper of the Wu Jian Council
    70 | D        | Reached * piety under Wu Jian
    70 | D        | Reached ** piety under Wu Jian
    89 | D        | Gained mutation: You are partially covered in large bone plates. (SH +4) [demonic ancestry]
    89 | D        | Reached XP level 2. HP: 24/24 MP: 2/2
    93 | D        | Reached skill level 1 in Armour
   102 | D        | Noticed a floating eye
   103 | D        | Paralysed by a floating eye for 4 turns
   111 | D        | Paralysed by a floating eye for 4 turns
   117 | D        | Killed a floating eye
   117 | D        | Reached *** piety under Wu Jian
   117 | D        | Reached skill level 5 in Fighting
   117 | D        | Gained mutation: You are mostly covered in large bone plates. (SH +6) [demonic ancestry]
   117 | D        | Reached XP level 3. HP: 33/33 MP: 3/3
   117 | D        | Gained mutation: You are partially covered in sharp spines. [demonic ancestry]
   117 | D        | Reached XP level 4. HP: 39/39 MP: 4/4
   122 | D        | Noticed a big kobold
   144 | D        | Killed a big kobold
   144 | D        | Reached **** piety under Wu Jian
   144 | D        | Reached skill level 6 in Fighting
   144 | D        | Reached skill level 5 in Maces & Flails
   144 | D        | Reached skill level 5 in Dodging
   144 | D        | Reached skill level 5 in Stealth
   144 | D        | Gained mutation: When hurt, damage is shared between your health and your magic reserves. [demonic ancestry]
   144 | D        | Reached XP level 5. HP: 23/46 MP: 5/5
   299 | D        | Noticed a wolf
   304 | D        | Noticed Edmund
   318 | D        | Reached XP level 6. HP: 37/53 MP: 4/6
   365 | D        | Killed Edmund
   365 | D        | Reached skill level 7 in Fighting
   374 | D        | Reached XP level 7. HP: 39/61 MP: 1/7
   521 | D        | Reached ***** piety under Wu Jian
   526 | D        | Reached skill level 8 in Fighting
   670 | D        | Noticed a troll
   674 | D        | Killed a troll
   674 | D        | Reached skill level 5 in Armour
   775 | D        | Noticed a deep elf mage
   782 | D        | Noticed a fire elemental
   782 | D        | Noticed a fire elemental
   782 | D        | Killed a deep elf mage
   782 | D        | Reached skill level 9 in Fighting
   782 | D        | Reached XP level 8. HP: 66/71 MP: 6/8
   850 | D        | Gained mutation: Potions are less effective at restoring your health. [potion of mutation]
   850 | D        | Gained mutation: Your muscles are strong. (Str +2) [potion of mutation]
   851 | D        | Lost mutation: Your muscles are strong. (Str +2) [potion of mutation]
   851 | D        | Gained mutation: You evolve. [potion of mutation]
   851 | D        | Gained mutation: You passively map a small area around you. [potion of mutation]
   943 | D        | Noticed a spiny frog
   948 | D        | Noticed a shadow wraith
   950 | D        | Killed a spiny frog
   951 | D        | Killed a shadow wraith
   951 | D        | Reached skill level 10 in Fighting
   951 | D        | Reached skill level 10 in Stealth
   951 | D        | Gained mutation: You regenerate magic rapidly. [demonic ancestry]
   951 | D        | Reached XP level 9. HP: 57/79 MP: 5/9
  1065 | D        | Noticed a deep elf mage
  1066 | D        | Noticed a komodo dragon
  1067 | D        | Noticed a smoke demon
  1069 | D        | Noticed a rime drake
  1072 | D        | Killed a smoke demon
  1072 | D        | Killed a deep elf mage
  1072 | D        | Reached skill level 10 in Maces & Flails
  1072 | D        | Reached skill level 10 in Dodging
  1076 | D        | Killed a komodo dragon
  1083 | D        | Killed a rime drake
  1083 | D        | Reached skill level 11 in Fighting
  1234 | D        | Noticed a tyrant leech
  1234 | D        | Noticed a lindwurm
  1240 | D        | Killed a lindwurm
  1240 | D        | Gained mutation: You have large cloven feet. [demonic ancestry]
  1240 | D        | Reached XP level 10. HP: 57/88 MP: 7/10
  1247 | D        | Reached skill level 12 in Fighting
  1821 | D        | Noticed an unseen horror
  1823 | D        | Killed an unseen horror
  1850 | D        | Noticed Joseph
  1850 | D        | Noticed a deep elf mage
  1851 | D        | Noticed an orc knight
  1852 | D        | Noticed an orange demon
  1868 | D        | Killed an orc knight
  1868 | D        | Gained mutation: You have hoof-like feet. [demonic ancestry]
  1868 | D        | Reached XP level 11. HP: 42/97 MP: 3/11
  1870 | D        | Reached skill level 13 in Fighting
  1874 | D        | Killed a deep elf mage
  1880 | D        | Killed Joseph
  2330 | D        | Lost mutation: You evolve. [potion of mutation]
  2330 | D        | Lost mutation: Potions are less effective at restoring your health. [potion of mutation]
  2330 | D        | Gained mutation: Armour fits poorly on your strangely shaped body. [potion of mutation]
  2330 | D        | Gained mutation: You are agile. (Dex +2) [potion of mutation]
  2422 | D        | Noticed Nessos
  2422 | D        | Noticed an alligator snapping turtle
  2427 | D        | Killed Nessos
  2431 | D        | Killed an alligator snapping turtle
  2446 | D        | Lost mutation: You are agile. (Dex +2) [potion of mutation]
  2446 | D        | Lost mutation: You passively map a small area around you. [potion of mutation]
  2446 | D        | Lost mutation: Armour fits poorly on your strangely shaped body. [potion of mutation]
  2446 | D        | Gained mutation: You have a pair of small horns on your head. [potion of mutation]
  2446 | D        | Gained mutation: You evolve. [potion of mutation]
  2446 | D        | Gained mutation: You are completely covered in large bone plates. (SH +8) [potion of mutation]
  2446 | D        | Gained mutation: Your flesh is cold resistant. (rC+) [potion of mutation]
  2603 | D        | Killed a ghost moth
  2603 | D        | Reached skill level 14 in Fighting
  2956 | D        | Noticed a deep elf knight
  2956 | D        | Noticed a deep elf mage
  2956 | D        | Noticed a deep elf knight
  2956 | D        | Noticed a deep elf mage
  2956 | D        | Noticed an orc knight
  2960 | D        | Killed a deep elf knight
  2968 | D        | Killed a deep elf knight
  2970 | D        | Killed an orc knight
  2979 | D        | Killed a deep elf mage
  2979 | D        | Gained mutation: You have hooves in place of feet. [demonic ancestry]
  2979 | D        | Reached XP level 12. HP: 57/108 MP: 9/12
  3011 | D        | Identified the Almanac of Flight and Translocation (You found it in the Dungeon)
  3139 | D        | Noticed Eustachio
  3140 | D        | Noticed an ice dragon
  3141 | D        | Killed Eustachio
  3141 | D        | Noticed a death cob
  3141 | D        | Noticed a deep elf annihilator
  3141 | D        | Noticed a vampire mage
  3143 | D        | Killed a deep elf annihilator
  3147 | D        | Noticed an alligator snapping turtle
  3149 | D        | Reached skill level 10 in Armour
  3156 | D        | Noticed a great orb of eyes
  3158 | D        | Killed an ice dragon
  3162 | D        | Reached skill level 15 in Fighting
  3165 | D        | Killed a great orb of eyes
  3172 | D        | HP: 3/109 [death cob (8)]
  3172 | D        | Annihilated by a death cob

Vault maps used:
D:        pitsprint

Skill      XL: |  1  2  3  4  5  6  7  8  9 10 11 12 |
---------------+-------------------------------------+-----
Maces & Flails | 3 4 5 6 7 8 9 10 12 13 14 | 14.0
Dodging        | 3 4 5 6 7 8 9 10 12 13 14 | 14.0
Stealth        | 2 4 5 6 7 9 10 11 12 14 | 14.9
Armour         | 2 3 4 5 6 7 8 9 10 | 10.1
Fighting       | 5 6 7 9 10 11 12 14 15 | 15.1

Action                   |  1- 3 |  4- 6 |  7- 9 | 10-12 || total
-------------------------+-------+-------+-------+-------++-------
Melee: Mace              |    11 |    23 |       |       ||    34
       Flail             |       |    39 |    30 |       ||    69
       Morningstar       |       |       |    42 |   242 ||   284
       Kick              |       |       |       |    80 ||    80
       Headbutt          |       |       |       |    13 ||    13
Invok: Serpent's Lash    |       |     4 |     6 |    12 ||    22
       Heavenly Storm    |       |       |     4 |     8 ||    12
  Use: Potion            |       |     3 |     2 |    15 ||    20
       Scroll            |       |       |       |     1 ||     1
 Stab: Sleeping          |     3 |       |     5 |     8 ||    16
       Distracted        |       |       |       |     1 ||     1
  Eat: Fruit             |       |       |    10 |       ||    10
Armor: Robe              |     3 |     2 |     3 |       ||     8
       Leather armour    |       |       |     3 |       ||     3
       Steam dragon scal |       |       |     1 |    57 ||    58
Dodge: Dodged            |     2 |    29 |    32 |   172 ||   235
Block: Other             |       |    12 |    13 |    61 ||    86

Table legend:
 A = Spawn XP
 B = Non-spawn XP
 C = Spawn XP percentage of total XP
 D = Spawn monster count
 E = Non-spawn monster count
 F = Spawn count percentage of total count
 G = Total turns spent on level
                    A         B        C        D         E        F      G
               +---------+---------+-------+---------+---------+-------+---------
         Total |       0 |   27146 |   0.0 |       0 |     113 |   0.0 |  3172
               +---------+---------+-------+---------+---------+-------+---------
             D |       0 |   27146 |   0.0 |       0 |     113 |   0.0 |  3172
               +---------+---------+-------+---------+---------+-------+---------
